 Dungeon Crawl Stone Soup version 0.31-a0-940-gdaa99269f9 (webtiles) character file.

Game seed: 11948747763516940792

3578 Shayle the Fighter (level 10, 0/111 HPs)
             Began as an Ogre Hexslinger on Oct 20, 2023.
             Was a Believer of Ashenzari.
             Slain by a two-headed ogre
             ... wielding a +0 giant club
              (19 damage)
             ... on level 9 of the Dungeon.
             The game lasted 00:33:43 (7784 turns).

Shayle the Fighter (Ogre Hexslinger)                Turns: 7784, Time: 00:33:43

Health: 0/111      AC:  5    Str: 20    XL:     10   Next: 10%
Magic:  2/13       EV: 12    Int: 18    God:    Ashenzari [**....]
Gold:   421        SH:  5    Dex: 13    Spells: 5/13 levels left

rFire   . . .        a - +1 sling
rCold   . . .        (no shield)
rNeg    . . .        c - +1 robe
rPois   .            g - +1 hat of the Enlightened Sky {Will+ Dex+2 Slay+5, Fort, Elem} (curse)
rElec   .            (no cloak)
rCorr   .            (gloves unavailable)
SInv    +            (boots unavailable)
Will    +....        l - amulet "Cursed With Me" {Reflect SH+5, Dev, Alch} (curse)
Stlth   +            e - ring of the Eternal Paranoia {Str+6, Cun, Self} (curse)
HPRegen 0.38/turn    (no ring)
MPRegen 0.13/turn

%: reflection
@: weak-willed, jinxed, very slightly contaminated, studying Staves
A: large, unfitting armour, tough skin 1
a: Renounce Religion, Shatter the Chains


You were on level 9 of the Dungeon.
You worshipped Ashenzari.
Ashenzari was pleased with you.
You visited 2 branches of the dungeon, and saw 10 of its levels.
You also visited: Sewer.

You collected 519 gold pieces.
You spent 98 gold pieces at shops.

Inventory:

Hand Weapons
 a - a +1 sling (weapon)
 d - a +2 giant spiked club of flaming
 k - a +1 whip of flaming
Missiles
 v - a silver javelin
Armour
 c - a +1 robe (worn)
 g - the cursed +1 hat of the Enlightened Sky (worn) {Will+ Dex+2 Slay+5, Fort, Elem}
   (You acquired it on level 6 of the Dungeon)

   Dex+2:     It affects your dexterity (+2).
   Slay+5:    It affects your accuracy & damage with ranged weapons and melee
   (+5).
   Will+:     It increases your willpower.
   It has a curse which improves the following skills: Fortitude: Armour and
   Shields.
   Elements:  Fire Magic, Ice Magic, Air Magic and Earth Magic.
Jewellery
 e - the cursed ring of the Eternal Paranoia (left hand) {Str+6, Cun, Self}
   (You found it on level 7 of the Dungeon)

   [ring of strength]

   Str+6:     It affects your strength (+6).
   It has a curse which improves the following skills: Cunning: Dodging and
   Stealth.
   Introspection: Fighting and Spellcasting.
 l - the cursed amulet "Cursed With Me" (around neck) {Reflect SH+5, Dev, Alch}
   (You found it on level 2 of the Dungeon)

   [amulet of reflection]

   Reflect:   It reflects blocked missile attacks.
   SH+5:      It affects your SH (+5).
   It has a curse which improves the following skills: Devices: Evocations and
   Shapeshifting.
   Alchemy:   Poison Magic and Transmutations.
 p - an amulet of magic regeneration
 A - a +6 ring of strength
Talismans
 w - a serpent talisman
Wands
 b - a wand of flame (11)
 y - a wand of acid (5)
 E - a wand of paralysis (5)
Scrolls
 f - 2 scrolls of torment
 j - 3 scrolls of teleportation
 m - a scroll of fog
 n - a scroll of amnesia
 o - 4 scrolls of enchant armour
 C - a scroll of fear
 F - a scroll of poison
 G - a scroll of immolation
Potions
 h - a potion of berserk rage
 i - a potion of cancellation
 q - a potion of heal wounds
 r - 2 potions of curing
 s - a potion of invisibility
 t - 2 potions of degeneration
 u - a potion of resistance
 x - a potion of ambrosia
 z - a potion of haste
 B - 2 potions of brilliance
 D - a potion of attraction


   Skills:
 + Level 9.3(10.5) Fighting
 + Level 6.3 Maces & Flails
 - Level 1.3 Ranged Weapons
 + Level 2.1(3.0) Armour
 - Level 6.0(7.2) Dodging
 + Level 2.7(3.7) Shields
 - Level 1.2(2.0) Spellcasting
 - Level 2.6 Hexes
 + Level 4.4(5.5) Fire Magic
 + Level 2.3(3.3) Ice Magic
 + Level 2.4(3.4) Shapeshifting


You had 5 spell levels left.
You knew the following spells:

 Your Spells              Type           Power      Damage    Failure   Level
a - Jinxbite              Hex            22%        N/A       9%          2
b - Frozen Ramparts       Ice            26%        1d4       14%         3
c - Inner Flame           Hex/Fire       16%        N/A       10%         3

Your spell library contained the following spells:

 Spells                   Type           Power      Damage    Failure   Level
 Freeze                   Ice            52%        1d6       4%          1
 Slow                     Hex            44%        N/A       6%          1
 Ensorcelled Hibernation  Hex/Ice        24%        N/A       8%          2
 Confusing Touch          Hex            11%        N/A       19%         3
 Sigil of Binding         Hex            11%        N/A       19%         3
 Hailstorm                Conj/Ice       7%         3d4       28%         3
 Vampiric Draining        Necr           1%         2d6       47%         3
 Cause Fear               Hex            5%         N/A       52%         4
 Anguish                  Hex/Necr       3%         N/A       71%         4
 Dimensional Bullseye     Hex/Tloc       3%         N/A       71%         4


Dungeon Overview and Level Annotations

Branches:
Dungeon (9/15)             Temple (1/1) D:4           Sewer (visited)
   Lair: D:8-11         Orc: D:9-12

Altars:
Ashenzari
Dithmenos
Elyvilon
Gozag
Kikubaaqudgha
Makhleb
Okawaru
Qazlal
Ru
Sif Muna
Trog
Uskayaw
Vehumet
Wu Jian
Xom
Yredelemnul
The Shining One

Shops:
D:2 ?   D:8 [


Innate Abilities, Weirdness & Mutations

You are too large for most types of armour.
You have tough skin. (AC +1)


Message History

Press: ? - help, Dir - look around, f - activate You miscast Frozen Ramparts.
You are very lightly contaminated with residual magic.
You feel extremely cold.
Unknown command.
Casting: Frozen Ramparts (dangerous; 14% risk of failure)
Confirm with . or Enter, or press ? or * to list all spells.
Casting: Frozen Ramparts (dangerous; 14% risk of failure)
Press: ? - help, Dir - look around, f - activate The walls around you are covered in ice.
The two-headed ogre seems less drained.
The wall freezes the two-headed ogre.
The two-headed ogre barely misses you. x2
Unknown command.
You shoot a sling bullet.
The sling bullet completely misses the two-headed ogre.
The wall freezes the two-headed ogre.
The two-headed ogre closely misses you.
The two-headed ogre hits you with a +0 giant club!
You feel much better.
The wall freezes the two-headed ogre.
The two-headed ogre misses you.
The two-headed ogre hits you with a +0 giant club.
Casting: Frozen Ramparts (dangerous; 14% risk of failure)
Confirm with . or Enter, or press ? or * to list all spells.
You beckon some vexing sprites to accompany your attacks.
You feel your willpower being sapped.
You shoot a sling bullet.
The sling bullet hits the two-headed ogre.
The two-headed ogre is heavily wounded.
The frozen ramparts melt away.
The two-headed ogre hits you with a +0 giant club!!
The two-headed ogre hits you with a +0 giant club!
* * * LOW HITPOINT WARNING * * *
You feel much better.
The two-headed ogre hits you with a +0 giant club!!
* * * LOW HITPOINT WARNING * * *
The two-headed ogre misses you.
As you read the scroll of fear, it crumbles to dust.
You assume a fearsome visage.
The two-headed ogre resists with some effort.
The two-headed ogre hits you with a +0 giant club!!
You die...

...................#
.................###
#.........##.....#
#...###.....##.#.#
#...# #####.##.#.#
....# ..##.#.# ###.#
##.#.# #.# #O# #.#
#@# #.# #.# .# #.#
#.# #.# #.# #.# #.#


You could see a two-headed ogre.

Vanquished Creatures
  A two-headed ogre (D:5)
  Pikel (D:4)
  A steam dragon (D:7)
  2 wyverns
  A water moccasin (D:6)
  An orc warrior (D:7)
  A black bear (D:8)
  2 ice beasts
  5 centaurs
  An ogre (D:4)
  A phantom (D:7)
  A kobold brigand (D:7)
  A bullfrog (Sewer)
  4 scorpions
  A howler monkey (D:7)
  3 hounds
  A jelly (D:7)
  3 orc priests
  A sleepcap (D:8)
  5 orc wizards
  2 iguanas (D:5)
  3 gnolls (D:7)
  13 adders
  A shadow imp (D:8)
  A white imp (D:5)
  4 ufetubi
  3 dart slugs
  17 orcs
  11 ball pythons
  7 bats
  8 endoplasms
  11 giant cockroaches
  5 goblins
  4 hobgoblins
  6 jackals
  13 kobolds
  2 quokkas
  16 frilled lizards
  7 rats
171 creatures vanquished.

Notes
Turn   | Place    | Note
-------+----------+-------------------------------------------
     0 | D:1      | Shayle the Ogre Hexslinger began the quest for the Orb.
     0 | D:1      | Reached XP level 1. HP: 19/19 MP: 2/2
    67 | D:1      | Reached XP level 2. HP: 23/28 MP: 3/3
    68 | D:1      | Reached skill level 2 in Fighting
    74 | D:1      | Learned a level 2 spell: Jinxbite
   330 | D:1      | Reached skill level 1 in Maces & Flails
   612 | D:1      | Reached XP level 3. HP: 29/36 MP: 4/4
   839 | D:2      | Found Ajyilitt's Magic Scroll Boutique.
   847 | D:2      | Bought a scroll of teleportation for 42 gold pieces
   847 | D:2      | Bought 2 scrolls of identify for 56 gold pieces
  1062 | D:2      | Found a faded altar of an unknown god.
  1085 | D:2      | Reached skill level 3 in Fighting
  1406 | D:3      | Reached XP level 4. HP: 45/45 MP: 5/5
  1424 | D:3      | Found a shimmering altar of Xom.
  1890 | D:3      | Reached XP level 5. HP: 41/54 MP: 3/6
  2007 | D:4      | Reached skill level 4 in Fighting
  2109 | D:4      | Reached XP level 6. HP: 18/63 MP: 4/7
  2355 | D:4      | Found a staircase to the Ecumenical Temple.
  2374 | Temple   | Entered the Ecumenical Temple
  2415 | Temple   | Became a worshipper of Ashenzari the Shackled
  2475 | D:4      | Noticed a wyvern
  2647 | D:4      | HP: 3/65 [wyvern (6)]
  2648 | D:4      | Killed a wyvern
  2649 | D:4      | Reached skill level 5 in Fighting
  2649 | D:4      | Reached XP level 7. HP: 4/72 MP: 3/8
  2980 | D:4      | Found an opulent altar of Gozag.
  3300 | D:5      | Entered Level 5 of the Dungeon
  3347 | D:5      | Found a glowing drain.
  3354 | Sewer    | Entered a sewer
  3619 | Sewer    | Learned a level 3 spell: Frozen Ramparts
  3939 | D:5      | Reached skill level 6 in Fighting
  4178 | D:5      | Noticed Pikel
  4503 | D:5      | Noticed a two-headed ogre
  4719 | D:6      | Learned a level 3 spell: Inner Flame
  4860 | D:6      | Identified a scroll of acquirement
  4862 | D:6      | Acquired the +1 hat "Xofimiop" {Will+ Dex+2 Slay+5}
  4887 | D:6      | Reached skill level 1 in Fire Magic
  4939 | D:6      | Reached XP level 8. HP: 81/84 MP: 6/9
  5081 | D:6      | Identified the +0 ring mail of Viumnamp {SInv}
  5227 | D:5      | Killed a two-headed ogre
  5228 | D:5      | Reached skill level 7 in Fighting
  5228 | D:5      | Reached skill level 5 in Maces & Flails
  5228 | D:5      | Reached skill level 5 in Dodging
  5443 | D:4      | Killed Pikel
  5444 | D:4      | Reached skill level 8 in Fighting
  5444 | D:4      | Reached XP level 9. HP: 80/97 MP: 5/10
  5807 | D:7      | Found a hide-covered altar of Uskayaw.
  5813 | D:6      | Reached * piety under Ashenzari
  5984 | D:6      | Reached skill level 1 in Shields
  6091 | D:7      | Reached skill level 1 in Ice Magic
  6093 | D:7      | Reached skill level 1 in Armour
  6093 | D:7      | Reached skill level 1 in Shapeshifting
  6467 | D:7      | Reached skill level 9 in Fighting
  6774 | D:8      | Found Imatoem's Armour Shop.
  7188 | D:8      | Reached ** piety under Ashenzari
  7202 | D:8      | Reached XP level 10. HP: 106/111 MP: 11/13
  7239 | D:8      | Found a glowing golden altar of the Shining One.
  7736 | D:9      | Noticed a two-headed ogre
  7784 | D:9      | Slain by a two-headed ogre

Illustrated notes

Levels and vault maps discovered:
D:1:      psy_arrival_dodecagon, layout_basic, minmay_gold_behind_fungi
D:2:      layout_rooms, serial_shops, nicolae_shop_crystal,
          shapermc_ecumenical_altar_flowoftime
D:3:      layout_rooms, slow_altar_1, lemuel_crystal_altar,
          nicolae_overflow_hidden_temple, st_stairs_4,
          ebering_dispersal_statue_hall, kennysheep_orc_chapel
D:4:      layout_basic, nicolae_overflow_crystal_walls,
          minmay_temple_entry_water_ring
D:5:      layout_basic, mainiacjoe_sewer_entry_somewhere_in_here_1, uniq_pikel
D:6:      layout_basic
D:7:      layout_rooms, nicolae_uskayaw_dance_hall
D:8:      layout_cave_pools, kennysheep_mini, serial_shops, nicolae_shop_trees
D:9:      layout_basic, mainiacjoe_overflow_alcove_4
Temple:   nicolae_temple_figure_eight

Skill      XL: |  1  2  3  4  5  6  7  8  9 10 |
---------------+-------------------------------+-----
Dodging        | 2 3 4 6 |  6.0
Fighting       | 2 3 4 5 6 8 9 |  9.3
Maces & Flails | 1 2 3 4 5 6 |  6.3
Fire Magic     | 1 3 4 |  4.4
Shields        | 2 |  2.7
Ice Magic      | 2 |  2.3
Armour         | 1 2 |  2.1
Shapeshifting  | 2 |  2.4
Ranged Weapons | |  1.3
Spellcasting   | |  1.2
Hexes          | |  2.6

Action                     |  1- 3 |  4- 6 |  7- 9 | 10-12 || total
---------------------------+-------+-------+-------+-------++-------
  Melee: Sling             |       |       |     2 |       ||     2
   Fire: Sling             |   119 |   129 |   363 |    34 ||   645
  Throw: Javelin           |       |     1 |     2 |       ||     3
   Cast: Jinxbite          |     2 |    11 |    41 |     8 ||    62
         Frozen Ramparts   |       |       |       |     2 ||     2
 Invoke: Curse Item        |       |       |     3 |       ||     3
  Evoke: Wand              |       |       |     1 |       ||     1
    Use: Scroll            |     8 |     2 |    11 |     1 ||    22
         Potion            |       |     2 |     1 |     2 ||     5
 Armour: Robe              |    59 |    58 |   196 |    26 ||   339
         Skin              |       |     5 |    16 |       ||    21
  Dodge: Dodged            |    47 |    56 |   153 |    15 ||   271
  Block: Other             |       |     9 |    64 |     5 ||    78
         Reflection        |       |       |     4 |     4 ||     8

Table legend: (Time is in decaauts)
 A = Elapsed time spent in this place.
 B = Non-inter-level travel time spent in this place.
 C = Inter-level travel time spent in this place.
 D = Time resting spent in this place.
 E = Time spent auto-exploring this place.
 F = Levels seen in this place.
 G = Mean time per level.
                   A        B        C        D        E       F      G
               +--------+--------+--------+--------+--------+-----+--------+
         Total |   8007 |   7669 |    338 |   1208 |   4242 |  11 |  727.9 |
       Dungeon |   7309 |   7010 |    299 |   1133 |   3934 |   9 |  812.1 |
        Temple |     85 |     46 |     39 |      0 |      0 |   1 |   85.0 |
         Sewer |    612 |    612 |      0 |     75 |    308 |   1 |  612.0 |
               +--------+--------+--------+--------+--------+-----+--------+

Top non-repeatable levels by time:
     D:4: 1408 daAuts
     D:5: 1146 daAuts
     D:7: 946 daAuts
     D:6: 933 daAuts
     D:8: 807 daAuts
     D:1: 800 daAuts
   Sewer: 612 daAuts
     D:2: 608 daAuts
     D:3: 557 daAuts
     D:9: 100 daAuts
  Temple: 85 daAuts
